 Dungeon Crawl Stone Soup version 0.31-a0-190-g4feb4907b2 (webtiles) character file.

Game seed: 7185890579553182624

57 qw the Shooter (level 3, 0/20 HPs)
             Began as a Deep Elf Hunter on June 23, 2023.
             Slain by a gnoll
             ... wielding a +0 spear
              (5 damage)
             ... on level 2 of the Dungeon.
             The game lasted 00:00:23 (875 turns).

qw the Shooter (Deep Elf Hunter)                     Turns: 875, Time: 00:00:23

Health: 0/20       AC:  6    Str: 10    XL:     3   Next: 73%
Magic:  0/5        EV:  6    Int: 13    God:
Gold:   61         SH:  0    Dex: 18    Spells: 2/2 levels left

rFire   . . .        Y - +0 shortbow
rCold   . . .        (shield currently unavailable)
rNeg    . . .        f - +0 ring mail
rPois   .            (no helmet)
rElec   .            (no cloak)
rCorr   .            (no gloves)
SInv    .            k - +0 pair of boots
Will    .....        g - amulet of guardian spirit
Stlth   +            (no ring)
HPRegen 0.23/turn    (no ring)
MPRegen 0.09/turn

%: guardian spirit
@: held
A: no striking features
a: no special abilities


You were on level 2 of the Dungeon.
You visited 1 branch of the dungeon, and saw 2 of its levels.

You collected 61 gold pieces.


   Skills:
 - Level 1.5 Fighting
 + Level 7.2 Ranged Weapons
 - Level 2.4 Dodging
 - Level 1.2 Stealth


You had 2 spell levels left.
You didn't know any spells.
Your spell library was empty.

Inventory:

Hand Weapons
 Y - a +0 shortbow (weapon)
Armour
 f - a +0 ring mail (worn)
 k - a +0 pair of boots (worn)
Jewellery
 g - an amulet of guardian spirit (around neck)
Potions
 a - a potion of heal wounds {unknown}
 h - a potion of enlightenment {unknown}
 j - a potion of attraction {unknown}
 l - a potion of might {unknown}

Dungeon Overview and Level Annotations

Branches:
Dungeon (2/15)

Altars:

Shops:
D:1 =

Annotations:
D:2 exclusion: gnoll


Message History

You shoot an arrow. The arrow barely misses the gnoll.
You shoot an arrow. The arrow barely misses the gnoll.
You shoot an arrow. The arrow hits the gnoll.
The gnoll is lightly wounded.
You shoot an arrow. The arrow barely misses the gnoll.
The gnoll hits you from afar with a +0 spear.
You shoot an arrow. The arrow completely misses the gnoll.
The gnoll barely misses you.
You shoot an arrow. The arrow hits the gnoll.
The gnoll is heavily wounded.
The gnoll hits you from afar with a +0 spear.
You shoot an arrow. The arrow hits the gnoll.
The gnoll is almost dead.
The gnoll misses you.
You shoot an arrow.
The arrow hits the gnoll but does no damage.
The gnoll is almost dead.
The gnoll closely misses you.
The gnoll hits you from afar with a +0 spear.
Enter note:
Enter note:
Enter note:
Enter note: The gnoll throws a throwing net.
The throwing net hits you.
You become entangled in the net!
Things that are here:
a throwing net; a dart slug corpse You struggle against the net.
The gnoll hits you from afar with a +0 spear.
You struggle against the net.
The gnoll hits you from afar with a +0 spear.
You struggle against the net.
The gnoll hits you from afar with a +0 spear.
You rip the net and break free!
A gnoll comes into view. It is wielding a +0 spear.
The gnoll throws a throwing net.
The throwing net hits you.
You become entangled in the net!
You struggle against the net.
The gnoll hits you from afar with a +0 spear.
You die...

####### .#+ #.....#
#..... #.....# #.....
#.....# #.....
>.#.....######## #.....
.......@.......# #.....
+#......######.# #.....
.......g##.....####.....
.#.......+..............
#......##.....####.####
#.##....#####.# #.# #.
#.... #.# ##.#### #
#..g. #.# #...... #.#
#..####


You could see 2 gnolls.

Vanquished Creatures
  Natasha (D:2)
  2 dart slugs
  4 endoplasms
  2 goblins (D:1)
  2 hobgoblins (D:1)
  5 kobolds
  3 quokkas
  3 ball pythons
  A frilled lizard (D:1)
  3 rats (D:1)
26 creatures vanquished.

Notes
Turn   | Place    | Note
-------+----------+-------------------------------------------
     0 | D:1      | qw the Deep Elf Hunter began the quest for the Orb.
     0 | D:1      | Reached XP level 1. HP: 12/12 MP: 3/3
     0 | D:1      | 0 ||| qw: Version: 0.3-a-9-g12657ce
     0 | D:1      | 0 ||| qw: Game counter: 4519
     0 | D:1      | 0 ||| qw: Always use a shield: true
     0 | D:1      | 0 ||| qw: God list: Okawaru
     0 | D:1      | 0 ||| qw: Allow faded altars: false
     0 | D:1      | 0 ||| qw: Do Orc after D:15 true
     0 | D:1      | 0 ||| qw: Do second Lair branch before Depths: true
     0 | D:1      | 0 ||| qw: Lair rune preference: random
     0 | D:1      | 0 ||| qw: Plans: Normal
     0 | D:1      | 0 ||| PLANNING D:1-11
   122 | D:1      | Reached skill level 6 in Ranged Weapons
   122 | D:1      | Reached XP level 2. HP: 16/16 MP: 4/4
   273 | D:1      | Found Bunasywk's One-of-a-Kind Rings.
   279 | D:1      | 279 ||| SHOPLISTING +3 ring of evasion (120 gold, have 37).
   279 | D:1      | 279 ||| SHOPLISTING +5 ring of protection (660 gold, have
                  | 37).
   279 | D:1      | 279 ||| SHOPLISTING ring of Jameol {rElec rN+ Str+6} (650
                  | gold, have 37).
   343 | D:1      | Found a faded altar of an unknown god.
   547 | D:1      | 547 ||| UPGRADING to +0 ring mail.
   557 | D:1      | 557 ||| DROPPING +0 leather armour.
   558 | D:1      | 558 ||| UPGRADING to +0 pair of boots.
   563 | D:1      | 563 ||| UPGRADING to amulet of guardian spirit.
   568 | D:1      | 568 ||| READING scroll labelled LUHOUW IPNA.
   569 | D:1      | 569 ||| READING scroll labelled GOOQAANEUN.
   570 | D:1      | 570 ||| READING scroll labelled JISAGEGIDGH.
   571 | D:1      | 571 ||| DROPPING scroll of butterflies.
   743 | D:2      | Noticed Natasha
   754 | D:2      | Killed Natasha
   755 | D:2      | Reached skill level 7 in Ranged Weapons
   755 | D:2      | Reached XP level 3. HP: 7/20 MP: 2/5
   847 | D:2      | 847 ||| FLEEEEING.
   848 | D:2      | 848 ||| FLEEEEING.
   849 | D:2      | 849 ||| FLEEEEING.
   850 | D:2      | 850 ||| FLEEEEING.
   873 | D:2      | HP: 5/20 [gnoll/+0 spear (1)]
   875 | D:2      | Slain by a gnoll

Levels and vault maps discovered:
D:1:      scummos_arrival_gate, layout_rooms,
          shapermc_ecumenical_altar_mp_ritualfount, minmay_misc_feat_rows,
          minivault_19, nicolae_shop_unique_rings
D:2:      layout_basic, chequers_arboretum, minmay_misc_feat_hallway,
          uniq_robin, uniq_natasha

Skill      XL: |  1  2 |
---------------+-------+-----
Ranged Weapons | 6 7 |  7.2
Fighting       | |  1.5
Dodging        | |  2.4
Stealth        | |  1.2

Action                     || total
---------------------------++-------
   Fire: Shortbow          ||    74
    Use: Scroll            ||     3
 Armour: Ring mail         ||     5
         Leather armour    ||     1
  Dodge: Dodged            ||    19

Table legend:
 A = Non-vault XP
 B = Vault XP
 C = Vault XP percentage of total XP
 D = Non-vault monster count
 E = Vault monster count
 F = Vault count percentage of total count
                 A         B        C        D         E       F
            +---------+---------+-------+---------+---------+-------
      Total |      45 |      37 |  45.1 |      25 |       1 |   3.8
            +---------+---------+-------+---------+---------+-------
        D:1 |      32 |       0 |   0.0 |      18 |       0 |   0.0
        D:2 |      13 |      37 |  74.0 |       7 |       1 |  12.5
            +---------+---------+-------+---------+---------+-------
